 Dungeon Sprint DCSS version 0.31-a0-1084-gb392501acf (webtiles) character file.

Game seed: 7588536950373924557

8900000 CrazyBamboolord the Conqueror (level 27, -15/196 (228) HPs)
             Began as a Djinni Warper on Nov 28, 2023.
             Was the Champion of Makhleb.
             Killed from afar by a wretched soul (101 damage)
             ... with a bolt of negative energy
             ... in the Dungeon (Sprint VIII: "Arena of Blood").
             The game lasted 00:05:26 (89 turns).

CrazyBamboolord the Conqueror (Djinni Warper)         Turns: 89, Time: 00:05:27

HP:   -15/196 (228) AC:  6    Str: 10    XL:     27
Gold: 0             EV: 26    Int: 27    God:    Makhleb [******] SH:  0 Dex: 15

rFire   + + .        h - +∞ Axe of Woe
rCold   x . .        (shield currently unavailable)
rNeg    . . .        a - +0 leather armour
rPois   ∞            (no helmet)
rElec   .            (no cloak)
rCorr   .            (no gloves)
SInv    .            (boots unavailable)
Will    ++...        (no amulet)
Stlth   +++++++++    (no ring)
HPRegen 0.52/turn    (no ring)
MPRegen 0.00/turn

%: no teleportation, infuse magic (-16 HP)
@: flying, slowed, heavily drained, very slow
A: sickness immunity, fire resistance 2, cold vulnerability 1, float, innate
caster, HP casting, extra vitality 1
a: Renounce Religion, Minor Destruction, Lesser Servant of Makhleb, Major
Destruction, Greater Servant of Makhleb


You were in the Dungeon.
You worshipped Makhleb.
Makhleb was exalted by your worship.
You visited 1 branch

Inventory:

Hand Weapons
 h - the +∞ Axe of Woe (weapon)
   (You found it in the Dungeon)
Missiles
 c - 7 darts of dispersal (quivered)
Armour
 a - a +0 leather armour (worn)
Scrolls
 b - a scroll of blinking
Potions
 d - a potion of curing
 e - a potion of heal wounds
 f - a potion of haste
 g - a potion of berserk rage


   Skills:
 O Level 27 Fighting
 O Level 27 Short Blades
 O Level 27 Long Blades
 O Level 27 Axes
 O Level 27 Maces & Flails
 O Level 27 Polearms
 O Level 27 Staves
 O Level 27 Ranged Weapons
 O Level 27 Throwing
 O Level 27 Armour
 O Level 27 Dodging
 O Level 27 Stealth
 O Level 27 Shields
 O Level 27 Unarmed Combat
 O Level 27 Spellcasting
 O Level 27 Conjurations
 O Level 27 Hexes
 O Level 27 Summonings
 O Level 27 Necromancy
 O Level 27 Translocations
 O Level 27 Transmutations
 O Level 27 Fire Magic
 O Level 27 Ice Magic
 O Level 27 Air Magic
 O Level 27 Earth Magic
 O Level 27 Poison Magic
 O Level 27 Invocations
 O Level 27 Evocations
 O Level 27 Shapeshifting


You knew the following spells:

 Your Spells              Type           Power      Damage    Failure   Level
a - Blink                 Tloc           100%       N/A       0%          2
b - Lesser Beckoning      Tloc           100%       N/A       0%          2
c - Teleport Other        Tloc           100%       N/A       0%          3
d - Manifold Assault      Tloc           100%       N/A       0%          4
e - Vhi's Electric Charg  Tloc/Air       100%       N/A       0%          4
f - Kiss of Death         Conj/Necr      100%       2d13      0%          1
g - Scorch                Fire           100%       2d9       0%          2
h - Inner Flame           Hex/Fire       100%       N/A       0%          3
i - Anguish               Hex/Necr       55%        N/A       0%          4
j - Summon Mana Viper     Hex/Summ       100%       N/A       0%          5
k - Lee's Rapid Deconstr  Erth           55%        3d26*     0%          5
l - Conjure Ball Lightni  Conj/Air       55%        3x3d20    0%          6
m - Starburst             Conj/Fire      55%        6d15      0%          6
n - Summon Cactus Giant   Summ           55%        N/A       0%          6
o - Discord               Hex            55%        N/A       1%          8
p - Ozocubu's Refrigerat  Ice            55%        4d19      0%          7
q - Chain Lightning       Conj/Air       55%        3d73      1%          9
r - Fire Storm            Conj/Fire      55%        8d14      1%          9
Your spell library was empty.

Dungeon Overview and Level Annotations

Branches:
Dungeon (1/1)

Altars:
Makhleb


Innate Abilities, Weirdness & Mutations

You are immune to sickness and miasma.
You are immune to poison.
Your flesh is very heat resistant. (rF++)
You are vulnerable to cold. (rC-)
You float through the air rather than walking.
You learn spells naturally, not from books.
Your magical power is your life essence.
You have superior vitality. (+4 MHP)


Message History

You feel a bit more experienced.
You slice the bag of meat!!
You butcher the bag of meat messily.
You kill the bag of meat!
Makhleb accepts your kill.
You feel better.
You are engulfed in blazing flames.
You resist.
You hear a shout!
The accursed gestures at you while chanting.
Something smites you!
A bag of meat comes into view. It is wielding a +9 war axe.
A meat beast comes into view.
The accursed casts a spell at you. Something smites you!
Unknown command.
Casting: Manifold Assault (safe; 0% risk of failure)
Confirm with . or Enter, or press ? or * to list all spells.
Space momentarily warps into an impossible shape!
The meat beast gurgles horribly!
You carve the bag of meat like a ham!!!
You butcher the bag of meat messily.
You kill the bag of meat!
Makhleb accepts your kill.
You feel better.
You hit the bag of meat.
You butcher the bag of meat messily.
You kill the bag of meat!
Makhleb accepts your kill.
You feel better.
You slice the bag of meat!! You chop the bag of meat into pieces.
You kill the bag of meat!
Makhleb accepts your kill.
You hit the accursed.
You dissect the accursed like a pig carcass.
You destroy the accursed!
Makhleb accepts your kill.
You feel extremely nervous for a moment...
Your body is wracked with pain!
You are engulfed in blazing flames.
You resist.
You hear a shout!
A bolt of negative energy appears from out of thin air!
Deactivating autopickup; reactivate with Ctrl-A.
The bolt of negative energy hits you!!!!
You feel drained.
Ouch! That really hurt!
You die...

....)#.))..#)).o§o#
....)))_))))...).L
...)2.###).).§.).o
)###))...))###)o..
. #)O....)# ).)..
..#..).○☼☼#o... .
..))..)§)☼D....
.))))))§§☼L...#
.)°M..)@o...†#
..°).).)...##..
.#........#)...
....{...).# ..#
##.#...†... o ..
......... .
..#.....###
..........


You could see an accursed, a meat beast (fast), a tyrant (fast), an eight-headed
meat hydra, a meat berserker (berserk) and 4 bags of meat.

Vanquished Creatures
  Sigmund (D)
  4 hell beasts (D)
  4 royal mummies (D)
  4 wraiths (D)
  16 vampire knights (D)
  47 ogres (D)
  12 two-headed ogres (D)
  7 liches (D)
  4 hydras (D)
  2 phantoms (D)
  90 orcs (D)
  7 skeletal warriors (D)
198 creatures vanquished.

Vanquished Creatures (collateral kills)
  8 orcs (D)
  5 fire vortices (D)
13 creatures vanquished.

Vanquished Creatures (others)
  Harold (D)
  A vampire knight (D)
  A two-headed ogre (D)
  11 orcs (D)
14 creatures vanquished.

Grand Total: 225 creatures vanquished

Notes
Turn   | Place    | Note
-------+----------+-------------------------------------------
     0 | D        | Found the +∞ Axe of Woe
     0 | D        | CrazyBamboolord the Djinni Warper began the quest for the
                  | Orb.
     0 | D        | CrazyBamboolord set off with the following spells
                  | memorised: Blink, Lesser Beckoning, Teleport Other,
                  | Manifold Assault, Vhi's Electric Charge.
     0 | D        | Reached XP level 1. HP: 18/18 MP: 0/0
     1 | D        | Noticed a bag of meat
     3 | D        | Became a worshipper of Makhleb the Destroyer
     5 | D        | Noticed a meat berserker
     8 | D        | Noticed a meat berserker
     9 | D        | Noticed a bag of meat
    10 | D        | Killed a meat berserker
    10 | D        | Noticed a bag of meat
    11 | D        | Reached XP level 2. HP: 50/50 MP: 0/0
    11 | D        | Reached XP level 3. HP: 57/57 MP: 0/0
    11 | D        | Learned a level 1 spell: Kiss of Death
    11 | D        | Reached XP level 4. HP: 63/63 MP: 0/0
    11 | D        | Reached XP level 5. HP: 69/69 MP: 0/0
    11 | D        | Learned a level 2 spell: Scorch
    11 | D        | Reached XP level 6. HP: 76/76 MP: 0/0
    11 | D        | Reached XP level 7. HP: 82/82 MP: 0/0
    11 | D        | Learned a level 3 spell: Inner Flame
    11 | D        | Reached XP level 8. HP: 88/88 MP: 0/0
    11 | D        | Reached XP level 9. HP: 94/94 MP: 0/0
    11 | D        | Learned a level 4 spell: Anguish
    11 | D        | Reached XP level 10. HP: 101/101 MP: 0/0
    11 | D        | Reached XP level 11. HP: 107/107 MP: 0/0
    11 | D        | Learned a level 5 spell: Summon Mana Viper
    11 | D        | Reached XP level 12. HP: 113/113 MP: 0/0
    11 | D        | Killed a bag of meat
    11 | D        | Reached * piety under Makhleb
    11 | D        | Noticed a meat berserker
    12 | D        | Reached XP level 13. HP: 122/122 MP: 0/0
    12 | D        | Learned a level 5 spell: Lee's Rapid Deconstruction
    12 | D        | Killed a meat berserker
    12 | D        | Killed a bag of meat
    12 | D        | Killed a meat berserker
    12 | D        | Reached ** piety under Makhleb
    13 | D        | Reached XP level 14. HP: 138/138 MP: 0/0
    13 | D        | Reached XP level 15. HP: 144/144 MP: 0/0
    13 | D        | Learned a level 6 spell: Conjure Ball Lightning
    13 | D        | Noticed a meat berserker
    14 | D        | Killed a meat berserker
    14 | D        | Reached *** piety under Makhleb
    15 | D        | Reached skill level 27 in Fighting
    15 | D        | Reached XP level 16. HP: 154/154 MP: 0/0
    15 | D        | Noticed a meat berserker
    15 | D        | Noticed a meat berserker
    15 | D        | Noticed a meat berserker
    15 | D        | Noticed a meat berserker
    16 | D        | Killed a meat berserker
    16 | D        | Reached **** piety under Makhleb
    16 | D        | Killed a meat berserker
    17 | D        | Reached XP level 17. HP: 156/160 MP: 0/0
    17 | D        | Learned a level 6 spell: Starburst
    17 | D        | Reached ***** piety under Makhleb
    18 | D        | Reached skill level 27 in Axes
    18 | D        | Reached XP level 18. HP: 167/167 MP: 0/0
    18 | D        | Killed a meat berserker
    18 | D        | Noticed a meat berserker
    19 | D        | Reached skill level 27 in Spellcasting
    19 | D        | Reached skill level 27 in Conjurations
    19 | D        | Reached skill level 27 in Hexes
    19 | D        | Reached skill level 27 in Summonings
    19 | D        | Reached skill level 27 in Necromancy
    19 | D        | Reached skill level 27 in Translocations
    19 | D        | Reached skill level 27 in Transmutations
    19 | D        | Reached skill level 27 in Fire Magic
    19 | D        | Reached skill level 27 in Ice Magic
    19 | D        | Reached skill level 27 in Air Magic
    19 | D        | Reached skill level 27 in Earth Magic
    19 | D        | Reached skill level 27 in Poison Magic
    19 | D        | Killed a meat berserker
    19 | D        | Killed a meat berserker
    19 | D        | Reached ****** piety under Makhleb
    19 | D        | Noticed a meat berserker
    20 | D        | Reached XP level 19. HP: 174/174 MP: 0/0
    20 | D        | Learned a level 6 spell: Summon Cactus Giant
    20 | D        | Killed a meat berserker
    21 | D        | Reached XP level 20. HP: 181/181 MP: 0/0
    21 | D        | Noticed a destroyer
    21 | D        | Killed a destroyer
    22 | D        | Reached skill level 27 in Dodging
    22 | D        | Reached skill level 27 in Unarmed Combat
    22 | D        | Noticed a large bag of meat
    23 | D        | Reached skill level 15 in Armour
    23 | D        | Killed a large bag of meat
    24 | D        | Reached skill level 15 in Throwing
    24 | D        | Reached XP level 21. HP: 187/187 MP: 0/0
    24 | D        | Learned a level 8 spell: Discord
    27 | D        | Noticed a large bag of meat
    28 | D        | Noticed a destroyer
    28 | D        | Killed a destroyer
    28 | D        | Noticed an eight-headed meat hydra
    29 | D        | Killed a nine-headed meat hydra
    31 | D        | Killed a large bag of meat
    31 | D        | Noticed a meat berserker
    32 | D        | Reached skill level 27 in Armour
    32 | D        | Reached XP level 22. HP: 127/194 MP: 0/0
    32 | D        | Noticed a large bag of meat
    33 | D        | Killed a large bag of meat
    33 | D        | Noticed a destroyer
    34 | D        | Reached skill level 27 in Throwing
    34 | D        | Killed a meat berserker
    34 | D        | Noticed a large bag of meat
    35 | D        | Killed a destroyer
    35 | D        | Killed a large bag of meat
    36 | D        | Reached XP level 23. HP: 201/201 MP: 0/0
    36 | D        | Learned a level 7 spell: Ozocubu's Refrigeration
    36 | D        | Noticed a destroyer
    36 | D        | Killed a destroyer
    37 | D        | Reached skill level 10 in Shields
    37 | D        | Reached skill level 10 in Evocations
    37 | D        | Noticed a large bag of meat
    37 | D        | Noticed a destroyer
    39 | D        | Killed a destroyer
    40 | D        | Reached skill level 10 in Maces & Flails
    40 | D        | Reached skill level 10 in Polearms
    40 | D        | Reached skill level 10 in Ranged Weapons
    40 | D        | Reached skill level 27 in Invocations
    40 | D        | Reached skill level 10 in Shapeshifting
    40 | D        | Reached XP level 24. HP: 208/208 MP: 0/0
    40 | D        | Noticed a large bag of meat
    41 | D        | Noticed a destroyer
    41 | D        | Noticed a destroyer
    41 | D        | Noticed a large bag of meat
    41 | D        | Noticed a destroyer
    41 | D        | Noticed a destroyer
    42 | D        | Killed a large bag of meat
    42 | D        | Noticed a destroyer
    42 | D        | Noticed The Servant
    43 | D        | Reached XP level 25. HP: 214/214 MP: 0/0
    43 | D        | Learned a level 9 spell: Chain Lightning
    44 | D        | Killed a destroyer
    44 | D        | Killed a destroyer
    44 | D        | Killed a destroyer
    45 | D        | Reached skill level 15 in Maces & Flails
    45 | D        | Reached skill level 15 in Polearms
    45 | D        | Reached skill level 15 in Ranged Weapons
    45 | D        | Reached skill level 15 in Shapeshifting
    45 | D        | Killed a destroyer
    45 | D        | Killed a destroyer
    46 | D        | Reached XP level 26. HP: 221/221 MP: 0/0
    47 | D        | Noticed a tyrant
    48 | D        | Killed a tyrant
    48 | D        | Noticed a large bag of meat
    49 | D        | Reached XP level 27. HP: 228/228 MP: 0/0
    49 | D        | Learned a level 9 spell: Fire Storm
    49 | D        | Noticed a large bag of meat
    49 | D        | Killed a large bag of meat
    50 | D        | Killed a large bag of meat
    50 | D        | Noticed a large bag of meat
    51 | D        | Killed a large bag of meat
    51 | D        | Noticed a tyrant
    51 | D        | Noticed a destroyer
    53 | D        | Noticed an accursed
    53 | D        | Killed a large bag of meat
    53 | D        | Killed a destroyer
    53 | D        | Noticed a destroyer
    54 | D        | Reached skill level 27 in Shields
    54 | D        | Reached skill level 27 in Evocations
    54 | D        | Killed an accursed
    55 | D        | Reached skill level 27 in Short Blades
    55 | D        | Reached skill level 27 in Long Blades
    55 | D        | Reached skill level 27 in Staves
    55 | D        | Reached skill level 27 in Stealth
    56 | D        | Reached skill level 27 in Maces & Flails
    56 | D        | Reached skill level 27 in Polearms
    56 | D        | Reached skill level 27 in Ranged Weapons
    56 | D        | Reached skill level 27 in Shapeshifting
    56 | D        | Killed a destroyer
    57 | D        | Noticed a destroyer
    58 | D        | Killed The Servant
    59 | D        | Noticed a meat beast
    59 | D        | Noticed The Captor
    59 | D        | Noticed a large bag of meat
    60 | D        | Killed The Captor
    60 | D        | Killed a meat beast
    60 | D        | Noticed a destroyer
    61 | D        | Noticed a destroyer
    61 | D        | Noticed a tyrant
    62 | D        | Noticed a tyrant
    63 | D        | Noticed a large bag of meat
    63 | D        | Noticed a destroyer
    64 | D        | Noticed a destroyer
    64 | D        | Killed a destroyer
    64 | D        | Killed a destroyer
    64 | D        | Noticed a tyrant
    67 | D        | Killed a destroyer
    68 | D        | Killed a large bag of meat
    68 | D        | Killed a tyrant
    69 | D        | Noticed a tyrant
    69 | D        | Noticed a dread
    69 | D        | Noticed a dread
    69 | D        | Noticed a large bag of meat
    70 | D        | Killed a large bag of meat
    70 | D        | Killed a dread
    71 | D        | Killed a tyrant
    71 | D        | Killed a dread
    72 | D        | Noticed a meat beast
    72 | D        | Noticed a dread
    72 | D        | Killed a tyrant
    72 | D        | Noticed a tyrant
    73 | D        | Noticed a dread
    74 | D        | Killed a destroyer
    74 | D        | Killed a meat beast
    74 | D        | Noticed an accursed
    74 | D        | Noticed an accursed
    75 | D        | Noticed a tyrant
    76 | D        | Killed a dread
    78 | D        | Killed a large bag of meat
    78 | D        | Killed a tyrant
    78 | D        | Killed a destroyer
    79 | D        | Killed a tyrant
    79 | D        | Noticed a meat beast
    80 | D        | Killed a large bag of meat
    81 | D        | Killed a tyrant
    82 | D        | Noticed an accursed
    83 | D        | Killed an accursed
    83 | D        | Killed a meat beast
    83 | D        | Noticed a meat beast
    84 | D        | Killed a meat beast
    85 | D        | Killed a dread
    86 | D        | Killed an accursed
    88 | D        | Noticed an accursed
    88 | D        | Noticed a meat beast
    89 | D        | Killed an accursed
    89 | D        | Killed from afar by a wretched soul

Illustrated notes

Levels and vault maps discovered:
D:        meatsprint

Skill      XL: |  1  2  3  4  5  6  7  8  9 10 11 12 13 14 15 16 17 18 19 20 21 22 23 24 25 26 27 |
---------------+----------------------------------------------------------------------------------+-----
Fighting       | 20 22 25 27 | 27.0
Axes           | 13 14 18 21 25 27 | 27.0
Spellcasting   | 12 13 17 20 23 26 27 | 27.0
Conjurations   | 12 13 17 20 23 26 27 | 27.0
Hexes          | 12 13 17 20 23 26 27 | 27.0
Summonings     | 12 13 17 20 23 26 27 | 27.0
Necromancy     | 12 13 17 20 23 26 27 | 27.0
Translocations | 12 13 17 20 23 26 27 | 27.0
Transmutations | 12 13 17 20 23 26 27 | 27.0
Fire Magic     | 12 13 17 20 23 26 27 | 27.0
Ice Magic      | 12 13 17 20 23 26 27 | 27.0
Air Magic      | 12 13 17 20 23 26 27 | 27.0
Earth Magic    | 12 13 17 20 23 26 27 | 27.0
Poison Magic   | 12 13 17 20 23 26 27 | 27.0
Throwing       | 6 7 15 23 27 | 27.0
Armour         | 7 8 18 27 | 27.0
Dodging        | 23 26 27 | 27.0
Unarmed Combat | 22 24 27 | 27.0
Short Blades   | 8 11 14 19 21 27 | 27.0
Long Blades    | 8 11 14 19 21 27 | 27.0
Maces & Flails | 7 10 13 17 19 27 | 27.0
Polearms       | 7 10 13 17 19 27 | 27.0
Staves         | 8 11 14 19 21 27 | 27.0
Ranged Weapons | 7 10 13 17 19 27 | 27.0
Stealth        | 8 11 14 19 21 27 | 27.0
Shields        | 9 12 16 20 23 27 | 27.0
Invocations    | 17 27 | 27.0
Evocations     | 9 12 16 20 23 27 | 27.0
Shapeshifting  | 7 10 13 17 19 27 | 27.0

Action                     |  1- 3 |  4- 6 |  7- 9 | 10-12 | 13-15 | 16-18 | 19-21 | 22-24 | 25-27 || total
---------------------------+-------+-------+-------+-------+-------+-------+-------+-------+-------++-------
  Melee: Executioner's axe |     1 |       |       |     1 |     6 |    16 |    11 |    22 |   108 ||   165
   Cast: Manifold Assault  |       |       |       |       |     2 |     4 |     8 |     7 |    22 ||    43
         Discord           |       |       |       |       |       |       |     3 |       |     1 ||     4
         Fire Storm        |       |       |       |       |       |       |       |       |     1 ||     1
    Use: Scroll            |       |       |       |       |       |       |       |       |     1 ||     1
 Armour: Leather armour    |       |       |       |       |       |       |     3 |       |    31 ||    34
  Dodge: Dodged            |     1 |       |       |       |       |       |     1 |       |     3 ||     5

Table legend: (Time is in decaauts)
 A = Elapsed time spent in this place.
 B = Non-inter-level travel time spent in this place.
 C = Inter-level travel time spent in this place.
 D = Time resting spent in this place.
 E = Time spent auto-exploring this place.
 F = Levels seen in this place.
 G = Mean time per level.
                   A        B        C        D        E       F      G
               +--------+--------+--------+--------+--------+-----+--------+
         Total |     79 |     79 |      0 |      0 |      0 |   1 |   79.0 |
       Dungeon |     79 |     79 |      0 |      0 |      0 |   1 |   79.0 |
               +--------+--------+--------+--------+--------+-----+--------+

Top non-repeatable levels by time:
       D: 79 daAuts
